Map: Persephone LE

Players

SubN

  • Race: Zerg Zerg
  • League: Diamond
  • Spawn Location: 11:00

IlIlIlIlIlII - Winner!

  • Race: Terran Terran
  • League: Diamond
  • Spawn Location: 7:00

VOD

Have the link to the VOD?

Description

Time

  • Played on: July 28, 2025, 4:41 p.m.
  • Length: 15:29
Show
View Real Time Build Order
Export as new Build Order

SubN Zerg 

Build Orders: Pool First, Zergling Baneling 

Get SALT Encoding   

  12  0:00  Drone  
  13  0:12  Overlord  
  13  0:19  Drone  
  14  0:30  Drone x2  
  16  0:44  Spawning Pool  
  16  0:45  Drone  
  16  0:49  Drone  
  17  1:09  Hatchery  
  16  1:12  Drone  
  16  1:15  Drone  
  18  1:26  Extractor  
  18  1:32  Zergling x4  
  19  1:34  Queen  
  19  1:39  Zergling x2  
  22  1:50  Overlord  
  22  2:02  Overlord  
  22  2:20  Queen  
  22  2:21  Queen  
  24  2:32  Overlord  
  24  2:33  Baneling Nest  
  23  2:40  Drone x2  
  25  2:55  Zergling x6  
  25  2:56  Zergling x2  
  29  3:03  Zergling x4  
  31  3:08  Zergling x4  
  29  3:43  Overlord x2  
  29  3:49  Zergling x12  
  29  3:52  Metabolic Boost  
  35  3:58  Baneling x3  
  35  4:00  Baneling  
  35  4:02  Baneling  
  35  4:04  Baneling  
  35  4:06  Baneling  
  35  4:11  Drone  
  35  4:13  Drone  
  34  4:30  Zergling x2  
  37  4:31  Zergling x8  
  37  4:40  Baneling x5  
  37  4:44  Baneling  
  37  4:50  Drone x3  
  40  4:55  Zergling x2  
  41  5:02  Overlord  
  29  5:38  Drone x14  
  42  5:49  Overlord  
  42  5:55  Extractor  
  41  5:59  Evolution Chamber x2  
  41  6:03  Lair  
  39  6:06  Overlord  
  39  6:10  Queen  
  41  6:16  Drone x3  
  44  6:27  Hatchery  
  43  6:34  Zerg Melee Weapons Level 1  
  43  6:36  Drone x3  
  46  6:41  Zergling x8  
  46  6:46  Overlord  
  50  6:48  Overlord  
  50  6:53  Baneling x2  
  50  7:03  Zerg Ground Armor Level 1  
  50  7:04  Drone  
  50  7:07  Drone x3  
  50  7:08  Extractor  
  53  7:10  Drone  
  54  7:17  Drone  
  54  7:19  Drone x3, Extractor  
  54  7:21  Queen  
  59  7:23  Centrifugal Hooks  
  59  7:26  Baneling  
  59  7:29  Drone x4  
  63  7:35  Overlord  
  63  7:50  Zergling x16  
  71  7:53  Baneling x7  
  71  7:56  Queen  
  73  8:09  Overseer  
  73  8:17  Extractor  
  72  8:20  Drone  
  73  8:27  Drone x2, Spire  
  73  8:28  Drone  
  73  8:29  Drone x5  
  73  8:32  Baneling x2  
  80  8:35  Queen  
  82  8:48  Zergling x16  
  86  8:51  Baneling x7  
  90  8:55  Zerg Melee Weapons Level 2  
  90  8:58  Overlord x3  
  90  9:08  Spore Crawler  
  89  9:11  Overlord x2, Spore Crawler  
  89  9:14  Hatchery  
  87  9:25  Overlord x3  
  86  9:41  Mutalisk  
  86  9:42  Mutalisk x6  
  100  9:46  Overseer  
  100  9:54  Drone  
  100  9:56  Drone x3  
  100  9:57  Extractor  
  103  10:08  Drone  
  103  10:12  Infestation Pit  
  101  10:25  Zergling x6  
  101  10:26  Zergling x8  
  93  11:02  Zergling x12  
  93  11:03  Zergling x10  
  93  11:04  Infestor x6  
  113  11:22  Baneling x7  
  113  11:23  Baneling x4  
  102  11:49  Queen  
  102  11:50  Drone x2  
  102  11:51  Drone x10  
  116  11:56  Queen  
  117  12:04  Hive  
  117  12:05  Overseer  
  117  12:06  Overseer  
  115  12:13  Baneling x6  
  115  12:14  Baneling x9, Queen  
  117  12:17  Drone x2  
  117  12:18  Drone  
  117  12:19  Drone  
  121  12:23  Zergling x6  
  121  12:29  Zergling x2  
  125  12:30  Zergling x14  
  125  12:32  Baneling x2  
  125  12:33  Baneling  
  132  12:37  Zerg Ground Armor Level 2  
  132  12:39  Zerg Flyer Weapons Level 1  
  132  12:41  Corruptor  
  134  12:46  Overlord x6  
  134  12:50  Hatchery  
  99  13:26  Corruptor x6  
  99  13:29  Zergling x26  
  99  13:30  Zergling x4  
  99  13:34  Drone  
  115  13:38  Extractor  
  115  13:40  Adrenal Glands  
  114  13:42  Neural Parasite  
  104  13:56  Baneling x5  
  89  14:08  Zergling x24  
  89  14:09  Zergling x10  
  96  14:19  Queen  
  94  14:34  Drone x3  
  94  14:35  Drone x2, Hatchery  
  94  14:38  Extractor, Queen  
  99  14:53  Baneling x6  
  99  14:54  Baneling x13  
  99  15:00  Ultralisk Cavern  
Show
View Real Time Build Order
Export as new Build Order

IlIlIlIlIlII Terran - Winner!

Build Orders:  

Get SALT Encoding   

  12  0:01  SCV  
  13  0:13  SCV  
  14  0:19  Supply Depot  
  14  0:25  SCV  
  15  0:40  SCV  
  16  0:44  Barracks  
  16  0:54  Barracks  
  16  1:05  Barracks  
  16  1:14  Barracks  
  16  1:31  Orbital Command, Marine  
  17  1:41  Marine  
  18  1:51  Marine  
  18  1:53  Marine  
  20  1:59  Marine  
  21  2:04  Marine  
  21  2:05  SCV  
  23  2:26  Command Center  
  23  2:41  Command Center  
  23  3:25  SCV  
  23  3:26  Marine  
  23  3:29  Marine  
  23  3:30  Marine  
  23  3:31  Marine  
  23  3:39  Orbital Command  
  23  3:44  Bunker, Marine  
  23  3:47  Marine  
  23  3:48  Marine  
  25  3:49  Marine  
  27  3:56  Orbital Command  
  27  3:58  SCV  
  27  4:02  Marine  
  29  4:04  Marine  
  29  4:08  Marine x2  
  32  4:13  Bunker  
  32  4:16  Bunker  
  32  4:20  Marine  
  32  4:22  Marine  
  31  4:37  Marine x3, SCV  
  35  4:40  Marine, SCV x2  
  38  4:46  Refinery  
  38  4:47  Refinery  
  38  4:48  Refinery  
  38  4:49  SCV  
  38  4:50  Refinery  
  38  4:52  SCV  
  40  4:58  Marine x3  
  40  4:59  Marine  
  44  5:04  SCV  
  45  5:10  Bunker  
  44  5:16  Marine x4  
  29  5:28  SCV x2  
  29  5:29  SCV  
  29  5:34  Marine x4  
  33  5:50  Engineering Bay  
  33  5:52  Marine x4  
  33  5:55  Engineering Bay  
  33  5:57  SCV x3  
  40  6:09  Marine, SCV x2  
  40  6:10  Marine x2, SCV  
  47  6:12  Barracks Tech Lab  
  47  6:16  Factory  
  46  6:21  Supply Depot, SCV x2  
  46  6:23  Terran Infantry Weapons Level 1  
  48  6:27  Marine x2  
  48  6:29  SCV  
  51  6:36  SCV x2  
  53  6:42  Terran Infantry Armor Level 1  
  53  6:43  Marine x2, SCV  
  56  6:48  SCV x2  
  56  6:52  Stimpack  
  58  6:55  SCV  
  58  7:00  SCV  
  58  7:01  SCV  
  61  7:02  Starport  
  61  7:06  Factory Reactor  
  61  7:12  Supply Depot  
  61  7:19  Supply Depot  
  61  7:20  Supply Depot x2  
  61  7:22  Supply Depot  
  61  7:33  Marine x4  
  61  7:34  Command Center, SCV x3  
  68  7:42  Supply Depot  
  68  7:46  SCV x3  
  68  7:49  Medivac x2  
  68  7:50  Factory Tech Lab  
  75  7:51  Marine  
  75  7:54  Supply Depot  
  75  7:58  Supply Depot, SCV x3  
  79  8:01  Marine  
  79  8:02  Marine x2  
  82  8:06  Orbital Command  
  82  8:10  SCV x2  
  84  8:16  Marine  
  85  8:22  Supply Depot, SCV  
  85  8:23  Supply Depot  
  86  8:27  Barracks Reactor  
  86  8:32  SCV  
  86  8:33  SCV  
  86  8:34  Medivac x2  
  92  8:35  Siege Tank  
  92  8:36  Barracks Reactor  
  92  8:38  Barracks Reactor  
  95  8:44  SCV  
  95  8:45  SCV x2  
  98  8:52  Barracks  
  98  8:54  Barracks  
  99  8:56  Orbital Command, SCV  
  99  8:57  SCV x2  
  99  9:01  Bunker  
  101  9:08  SCV  
  101  9:09  SCV x2  
  104  9:18  Orbital Command, Combat Shield  
  104  9:20  Medivac x2  
  104  9:21  Siege Tank  
  111  9:28  Command Center, Marine  
  111  9:29  Marine x4  
  112  9:42  Barracks Reactor, Armory  
  112  9:43  Barracks Reactor  
  112  9:49  Marine x6  
  112  9:52  Refinery  
  118  9:53  Refinery  
  118  9:54  SCV x2  
  118  9:57  Neosteel Armor, Hi-Sec Auto Tracking  
  120  10:04  Refinery  
  120  10:05  Refinery  
  120  10:07  Marine x2  
  120  10:08  Marine  
  120  10:11  SCV x4  
  126  10:22  Marine x8  
  126  10:23  Command Center, SCV  
  130  10:35  Barracks  
  128  10:36  Supply Depot  
  128  10:38  Barracks x2, Marine x2  
  128  10:39  Marine x2  
  128  10:40  Orbital Command, Marine  
  128  10:42  Barracks  
  126  10:50  Missile Turret x2  
  126  10:51  Missile Turret  
  126  10:53  Missile Turret x2  
  126  10:55  Missile Turret  
  126  10:56  Marine  
  118  10:57  Marine x3  
  121  11:04  Marine x5  
  121  11:05  Marine  
  127  11:16  Terran Infantry Weapons Level 2, Supply Depot  
  127  11:17  Marine  
  127  11:18  Barracks  
  105  11:41  Marine  
  105  11:42  Marine x10  
  105  11:43  Siege Tank, Medivac  
  105  11:46  Missile Turret  
  110  11:50  Planetary Fortress  
  110  11:52  Orbital Command  
  101  11:59  Marine  
  101  12:00  Marine x4  
  105  12:04  Marine  
  105  12:07  Barracks Reactor  
  106  12:09  Barracks  
  106  12:11  Barracks  
  106  12:17  Terran Infantry Armor Level 2  
  106  12:18  Marine x4  
  106  12:19  Marauder  
  106  12:20  Barracks Reactor  
  112  12:24  Missile Turret, Marine x2  
  112  12:25  Marine x4  
  118  12:36  Barracks  
  118  12:40  Barracks  
  118  12:42  Marine x3  
  118  12:43  Liberator x2, Siege Tank  
  130  13:04  Barracks Tech Lab x2  
  125  13:07  Orbital Command  
  102  13:28  Marine  
  102  13:29  Marine x10  
  102  13:31  Marauder  
  102  13:32  Marauder x2  
  119  13:38  Marine  
  120  13:45  Marine  
  121  13:53  Marauder x3  
  122  14:08  Marine x2  
  122  14:09  Marine x8  
  119  14:10  Liberator, Siege Tank  
  119  14:11  Liberator  
  119  14:14  Marauder  
  119  14:15  Marauder x2  
  119  14:16  Marine x3  
  130  14:22  Concussive Shells  
  130  14:23  Marine  
  128  14:26  Marine x2  
  128  14:29  Armory  
  126  14:32  Marine x3  
  126  14:35  Marauder  
  126  14:36  Marauder x2  
  126  14:37  Barracks Tech Lab x2  
  132  14:40  Marine x2  
  134  14:47  Marine  
  134  14:48  Siege Tank  
  136  14:53  Medivac  
  136  14:54  SCV x2, Medivac  
  136  14:55  SCV x2  
  136  14:57  Marauder x3  
  150  15:06  SCV x2  
  150  15:07  SCV  
Tags
 
Matchup
TvZ
Opening
Pool First
Replay Pack
Multiplayer
Spawn Locations
Close Positions
Add a new tag
Caveats
  • Supply blocks, unpowered buildings, or Contaminate may cause inaccurate times.
  • Supply counts are checked every 10 seconds.